 Dungeon Crawl Stone Soup version 0.17-a0-1545-gc1bb672 (webtiles) character file.

3 Duffy the Caller (level 1, 12/13 HPs)
             Began as a Mummy Summoner on July 18, 2015.
             Quit the game on level 1 of the Dungeon.
             The game lasted 00:00:26 (408 turns).

Duffy the Caller (Mummy Summoner)                    Turns: 408, Time: 00:00:26

Health: 12/13      AC:  2    Str: 11    XL:     1   Next: 41%
Magic:  3/3        EV: 12    Int: 14    God:
Gold:   34         SH:  0    Dex: 12    Spells: 1 memorised, 3 levels left

rFire  x . .     SeeInvis .     (no weapon)
rCold  + . .     Clarity  .     a - +0 robe
rNeg   + + +     SustAt   .     (no shield)
rPois  ∞         Gourm    .     (no helmet)
rElec  .         Spirit   .     (no cloak)
rCorr  .         Warding  .     (no gloves)
rMut   .         Stasis   .     (no boots)
MR     .....                    (no amulet)
Stlth  ++........               (no ring)
                                (no ring)

@: not resistant to hostile enchantments, unstealthy
A: no food or potions, fire vulnerability, cold resistance 1, negative energy
resistance 3, torment resistance, unbreathing
a: no special abilities


You were on level 1 of the Dungeon.
You were not hungry.

You visited 1 branch of the dungeon, and saw 1 of its levels.

You collected 34 gold pieces.


Innate Abilities, Weirdness & Mutations

You do not eat or drink.
Your flesh is vulnerable to fire.
You are immune to poison.
Your flesh is cold resistant.
You are immune to negative energy.
You are immune to unholy pain and torment.
You can survive without breathing.


   Skills:
 - Level 1.5 Dodging
 - Level 1.5 Stealth
 - Level 2.0 Spellcasting
 + Level 3.4 Summonings


You had 3 spell levels left.
You knew the following spells:

 Your Spells              Type           Power        Failure   Level  Hunger
a - Summon Small Mammal   Summ           ##..         10%         1    N/A

Inventory:

Armour
 a - a +0 robe (worn)
Scrolls
 c - 2 scrolls of remove curse {unknown}
Books
 b - a book of Callings

Dungeon Overview and Level Annotations

Branches:
Dungeon (1/15)

Altars:


Message History

Really walk into that teleport trap?
You enter a teleport trap!
The teleport trap disappears.
Your surroundings seem slightly different.
Casting: Summon Small Mammal
Confirm with . or Enter, or press ? or * to list all spells.
The bat barely misses you. The bat closely misses you.
Casting: Summon Small Mammal
Confirm with . or Enter, or press ? or * to list all spells.
The bat hits you but does no damage.
Casting: Summon Small Mammal
Confirm with . or Enter, or press ? or * to list all spells.
The bat hits you.
Your quokka bites the bat but does no damage.
The bat hits you but does no damage. The bat misses you.
The bat barely misses your quokka.
Your rat closely misses the bat.
Your quokka closely misses the bat.
The bat hits you.
Your rat closely misses the bat.
Your quokka misses the bat. The bat hits your rat. The bat misses you.
The bat hits your rat.
Your rat bites the bat.
The bat dies!
Your quokka disappears in a puff of smoke!
Your rat disappears in a puff of smoke!
Your rat disappears in a puff of smoke!
You see here 17 steel sling bullets.
A hobgoblin comes into view.
Found a murky ruby potion.
The hobgoblin shouts!
The hobgoblin hits you but does no damage.
The hobgoblin misses you. The hobgoblin hits you.
You barely miss the hobgoblin. The hobgoblin barely misses you.
You barely miss the hobgoblin. The hobgoblin completely misses you.
You hit the hobgoblin but do no damage. The hobgoblin closely misses you.
You hit the hobgoblin but do no damage. The hobgoblin closely misses you.
Are you sure you want to abandon this character and quit the game? (Confirm with "yes".)

## ##.###.. #. #...... #.
#..... #. #.... #. #...
#. #.! #. #.# ###. ##@#
###.## #g.# #...#. ##.##
# #...#. #..# #.#
###...## #.##
####.###...#.#.
######.####........#.#...
#............##....)...##
#............##.....#####
#............##.........#


You could see a hobgoblin.

Action                   || total
-------------------------++-------
Melee: Unarmed           ||     4
 Cast: Summon Small Mamm ||     9

Notes
Turn   | Place    | Note
--------------------------------------------------------------
     0 | D:1      | Duffy the Mummy Summoner began the quest for the Orb.
     0 | D:1      | Reached XP level 1. HP: 13/13 MP: 3/3
   408 | D:1      | Quit the game

Vault maps used:
D:1:      dpeg_arrival_erosion, hangedman_feature_mirror,
          minmay_misc_feat_diagonals

Vanquished Creatures
  A giant gecko
  A goblin
  A hobgoblin
  A bat
4 creatures vanquished.
